 Dungeon Crawl Stone Soup version 0.31.0-12-g77e489cdc1 (webtiles) character file.

Game seed: 17259471474941897780

121 hawla the Magician (level 4, -4/25 HPs)
             Began as a Deep Elf Necromancer on Feb 13, 2024.
             Slain by an orc wizard
             ... wielding a +0 dagger of electrocution
              (16 damage)
             ... on level 4 of the Dungeon.
             The game lasted 00:11:27 (2770 turns).

hawla the Magician (Deep Elf Necromancer)           Turns: 2770, Time: 00:11:28

Health: -4/25      AC:  4    Str:  5    XL:     4   Next: 76%
Magic:  3/13       EV: 12    Int: 22    God:
Gold:   102        SH:  5    Dex: 15    Spells: 9/14 levels left

rFire   + . .        h - staff of fire
rCold   . . .        (no shield)
rNeg    . . .        i - +1 robe {Will+}
rPois   .            (no helmet)
rElec   .            (no cloak)
rCorr   .            n - +0 pair of gloves
SInv    .            (no boots)
Will    +....        j - amulet of reflection
Stlth   +++          (no ring)
HPRegen 0.24/turn    (no ring)
MPRegen 0.13/turn

%: reflection
@: animating dead
A: no striking features
a: no special abilities


You were on level 4 of the Dungeon.
You visited 1 branch of the dungeon, and saw 4 of its levels.

You collected 102 gold pieces.

Inventory:

Missiles
 g - 6 poisoned darts
Armour
 i - a +1 robe of willpower (worn)
 n - a +0 pair of gloves (worn)
Magical Staves
 h - a staff of fire (weapon)
Jewellery
 j - an amulet of reflection (around neck)
Wands
 d - a wand of charming (6)
Scrolls
 a - a scroll of blinking
 e - a scroll of poison
 f - a scroll of fog
 k - a scroll of vulnerability {unknown}
 l - a scroll of noise {unknown}
Potions
 b - a potion of magic
 c - 2 potions of curing
 m - a potion of resistance


   Skills:
 - Level 1.0 Fighting
 - Level 2.4 Dodging
 - Level 4.0 Stealth
 + Level 5.6 Spellcasting
 - Level 4.8 Necromancy


You had 9 spell levels left.
You knew the following spells:

 Your Spells              Type           Power      Damage    Failure   Level
a - Necrotise             Necr           100%       1d9       1%          1
b - Animate Dead          Necr           27%        N/A       13%         4

Your spell library contained the following spells:

 Spells                   Type           Power      Damage    Failure   Level
 Kiss of Death            Conj/Necr      64%        2d10      3%          1
 Vampiric Draining        Necr           27%        2d7       3%          3
 Sting                    Conj/Alch      24%        1d4       10%         1
 Dispel Undead            Necr           27%        3d13      13%         4
 Mercury Vapours          Alch/Air       12%        N/A       14%         2
 Confusing Touch          Hex            6%         N/A       28%         3
 Curse of Agony           Necr           27%        N/A       34%         5
 Olgreb's Toxic Radiance  Alch           6%         N/A       67%         4


Dungeon Overview and Level Annotations

Branches:
Dungeon (4/15)
 Temple: D:4-7

Altars:
Nemelex Xobeh


Message History

Aiming: Necrotise (safe; 1% risk of failure)
Press: ? - help, Shift-Dir - straight line, f - orc
Aim: an orc, wielding a +0 dagger and wearing a +0 leather armour (ally target, chance to affect: 93%)
The orc writhes in agony.
Unknown command.
Casting: Necrotise (safe; 1% risk of failure)
Confirm with . or Enter, or press ? or * to list all spells.
Aiming: Necrotise (safe; 1% risk of failure)
Press: ? - help, Shift-Dir - straight line, f/p - orc
Aim: an orc, wielding a +0 dagger and wearing a +0 leather armour (severely wounded, ally target, chance to affect: 93%)
The orc writhes in agony.
You kill the orc!
The dead are walking!
Something hits you.
Casting: Necrotise (safe; 1% risk of failure)
Confirm with . or Enter, or press ? or * to list all spells.
Aiming: Necrotise (safe; 1% risk of failure)
Press: ? - help, Shift-Dir - straight line, f - orc
Aim: an orc, wielding a +0 whip and wearing a +0 leather armour (ally target, chance to affect: 93%) Nothing appears to happen.
Something hits you.
Unknown command.
Casting: Necrotise (safe; 1% risk of failure)
Confirm with . or Enter, or press ? or * to list all spells.
Aiming: Necrotise (safe; 1% risk of failure)
Press: ? - help, Shift-Dir - straight line, p - orc Something writhes in agony.
Your kobold zombie hits the orc but does no damage.
Something hits you.
Casting: Necrotise (safe; 1% risk of failure)
Confirm with . or Enter, or press ? or * to list all spells.
Aiming: Necrotise (safe; 1% risk of failure)
Press: ? - help, Shift-Dir - straight line, f - orc
Aim: an orc, wielding a +0 whip and wearing a +0 leather armour (ally target, chance to affect: 93%)
Something writhes in agony.
The orc hits your orc zombie with a +0 whip!
The phantom hits your kobold zombie.
The orc hits your kobold zombie with a +0 club.
Your kobold zombie is destroyed!
Something hits you.
You are electrocuted!
Ouch! That really hurt!
You die...

#
############.#
.........<...#
....Wo{@...###
....o.Z....#
...........#
........)..#
...........#
...........#
...........#
...........#


You could see a phantom, 2 orcs and a friendly orc zombie.

Vanquished Creatures
  An orc wizard (D:3)
  3 adders (D:2)
  A ribbon worm (D:2)
  A dart slug (D:3)
  6 orcs
  3 endoplasms
  3 giant cockroaches
  3 goblins
  5 hobgoblins
  5 jackals
  5 kobolds
  4 quokkas
  A ball python (D:1)
  6 bats
  2 frilled lizards (D:1)
  4 rats
53 creatures vanquished.

Vanquished Creatures (collateral kills)
  An endoplasm (D:1)
  A hobgoblin (D:2)
2 creatures vanquished.

Vanquished Creatures (others)
  A kobold zombie (D:4)
1 creature vanquished.

Grand Total: 56 creatures vanquished

Notes
Turn   | Place    | Note
-------+----------+-------------------------------------------
     0 | D:1      | hawla the Deep Elf Necromancer began the quest for the Orb.
     0 | D:1      | Reached XP level 1. HP: 10/10 MP: 6/6
   101 | D:1      | Reached skill level 1 in Fighting
   264 | D:1      | Reached XP level 2. HP: 16/16 MP: 5/8
   859 | D:2      | Found a sparkling altar of Nemelex Xobeh.
  1039 | D:2      | Reached XP level 3. HP: 18/20 MP: 5/9
  1269 | D:2      | Reached skill level 4 in Spellcasting
  1593 | D:2      | Reached XP level 4. HP: 25/25 MP: 7/12
  1905 | D:3      | Learned a level 4 spell: Animate Dead
  2067 | D:3      | Reached skill level 5 in Spellcasting
  2764 | D:4      | Noticed a phantom
  2770 | D:4      | Slain by an orc wizard

Illustrated notes

Levels and vault maps discovered:
D:1:      tekkud_arrival_beachfront_property, layout_loops_cross,
          minmay_misc_feat_five
D:2:      minmay_general_purpose_star, layout_basic, basic_altar
D:3:      layout_loops_ring
D:4:      layout_basic, kennysheep_little_box, nemelex_diamond_rough_becter,
          minmay_temple_entry_drinking_statues, serial_shops,
          nicolae_shop_statue_plus

Skill      XL: |  1  2  3  4 |
---------------+-------------+-----
Fighting       | 1 |  1.0
Stealth        | 4 |  4.0
Spellcasting   | 4 5 |  5.6
Dodging        | |  2.4
Necromancy     | |  4.8

Action                     |  1- 3 |  4- 6 || total
---------------------------+-------+-------++-------
  Melee: Staff             |       |     8 ||     8
   Cast: Necrotise         |    73 |    36 ||   109
         Animate Dead      |       |     2 ||     2
    Use: Scroll            |       |     7 ||     7
   Stab: Sleeping          |       |     1 ||     1
 Armour: Robe              |    14 |    16 ||    30
  Dodge: Dodged            |    19 |     7 ||    26
  Block: Other             |       |     4 ||     4
